 Dungeon Crawl Stone Soup version 0.31-a0-441-g867994ef1c (webtiles) character file.

Game seed: 18426599210503902493

393 Zonian the Ruffian (level 6, -5/42 HPs)
             Began as an Octopode Shapeshifter on Aug 3, 2023.
             Was a Follower of Dithmenos.
             Slain by an ice beast (9 damage)
             ... on level 5 of the Dungeon.
             The game lasted 00:05:51 (4977 turns).

Zonian the Ruffian (Octopode Shapeshifter)          Turns: 4977, Time: 00:05:52

Health: -5/42      AC:  1    Str: 16    XL:     6   Next: 81%
Magic:  6/6        EV: 14    Int: 11    God:    Dithmenos [*.....]
Gold:   178        SH:  0    Dex: 12    Spells: 5/5 levels left

rFire   . .          .
                       - Unarmed
rCold   . . .        (no shield)
rNeg    . . .        (helmet currently unavailable)
rPois   .            (no amulet)
rElec   .            (no ring)
rCorr   .            (no ring)
SInv    .            (no ring)
Will    .....        (no ring)
Stlth   +++          (no ring)
HPRegen 0.27/turn    (no ring)
MPRegen 0.10/turn    (no ring)
                     (no ring)

%: no passive effects
@: beast-form, wreathed by umbra
A: beast (slay +2), almost no armour, amphibious, 8 rings, camouflage 1,
gelatinous body 1, (nimble swimmer 1), tentacles
a: Begin Untransformation, Renounce Religion


You were on level 5 of the Dungeon.
You worshipped Dithmenos.
Dithmenos was aware of your devotion.
You were a hulking beast.
You visited 1 branch of the dungeon, and saw 5 of its levels.

You collected 178 gold pieces.

Inventory:

Talismans
 b - a beast talisman (active)
 k - a serpent talisman
Scrolls
 c - a scroll of fear
 f - a scroll of immolation
 h - 3 scrolls of blinking {unknown}
Potions
 a - 3 potions of lignification
 d - 4 potions of might
 e - a potion of heal wounds {unknown}
 g - a potion of attraction
 m - 3 potions of curing {unknown}
 n - 2 potions of haste {unknown}
 p - 2 potions of mutation


   Skills:
 + Level 3.3 Fighting
 + Level 3.8 Dodging
 + Level 4.5 Unarmed Combat
 + Level 4.1 Shapeshifting


You had 5 spell levels left.
You didn't know any spells.
Your spell library contained the following spells:

 Spells                   Type           Power      Damage    Failure   Level
 Summon Small Mammal      Summ           0%         N/A       34%         1
 Poisonous Vapours        Pois/Air       0%         N/A       47%         2
 Call Canine Familiar     Summ           0%         N/A       71%         3
 Mephitic Cloud           Conj/Pois/Air  0%         N/A       71%         3
 Summon Guardian Golem    Hex/Summ       0%         N/A       71%         3
 Freezing Cloud           Conj/Ice/Air   0%         6-21      100%        5


Dungeon Overview and Level Annotations

Branches:
Dungeon (5/15)
 Temple: D:4-7

Altars:
Dithmenos
Trog

Annotations:
D:4 1 transporter, Gelion's ghost, amateur OpSh
D:5 Edmund


Innate Abilities, Weirdness & Mutations

You are a hulking beast.
Your limbs bulge with bestial killing power. (Slay +2)
You cannot wear most types of armour.
You are amphibious.
You can wear up to eight rings at the same time.
Your skin changes colour to match your surroundings (Stealth+).
Your rubbery body absorbs attacks. (AC +1, EV +1)
((You are camouflaged when in or above water. (Stealth+)))
You have tentacles for arms and can constrict up to eight enemies at once.


Message History

There is a stone staircase leading down here.
Unknown command.
Items here: ( )) [.
There is a stone staircase leading down here.
You climb downwards.
Level annotation: Edmund
There is a stone staircase leading up here.
Unknown command.
You tentacle-slap the ice beast.
The ice beast is lightly wounded.
The ice beast hits you. The ice beast freezes you!
You completely miss the ice beast.
The ice beast is lightly wounded.
The ice beast misses you.
You tentacle-slap the ice beast.
You squeeze the ice beast, but do no damage.
The ice beast is moderately wounded.
The ice beast barely misses you.
You bludgeon the ice beast!
The ice beast is heavily wounded.
The ice beast barely misses you.
You tentacle-slap the ice beast but do no damage.
You squeeze the ice beast, but do no damage.
The ice beast is heavily wounded.
The ice beast closely misses you.
You tentacle-slap the ice beast. Your squeeze misses the ice beast.
The ice beast is severely wounded.
The ice beast hits you. The ice beast freezes you.
You barely miss the ice beast.
The ice beast is severely wounded.
The ice beast hits you. The ice beast freezes you!
* * * LOW HITPOINT WARNING * * *
You closely miss the ice beast.
The ice beast is severely wounded.
You barely miss the ice beast.
The ice beast is severely wounded.
The ice beast hits you.
* * * LOW HITPOINT WARNING * * *
The ice beast freezes you!
You die...

.?. ... ....
..... #####.....
.........
#........ #h#
....$...Y......
...####.##..... .
#.# ...# ###..
#.# ### ...
#.###########.##
.........@..<..#
#...?.:......#..#
# .############
.#


You could see an ice beast.

Vanquished Creatures
  A phantom (D:4)
  A scorpion (D:4)
  2 hounds (D:4)
  2 orc wizards (D:2)
  7 adders
  6 orcs
  9 endoplasms
  2 giant cockroaches (D:1)
  15 goblins
  6 hobgoblins
  3 jackals (D:4)
  8 kobolds
  5 quokkas
  11 ball pythons
  3 bats
  3 frilled lizards
  3 rats
87 creatures vanquished.

Notes
Turn   | Place    | Note
-------+----------+-------------------------------------------
     0 | D:1      | Zonian the Octopode Shapeshifter began the quest for the
                  | Orb.
     0 | D:1      | Reached XP level 1. HP: 13/13 MP: 1/1
   149 | D:1      | Reached XP level 2. HP: 18/18 MP: 2/2
  1136 | D:1      | Reached XP level 3. HP: 17/23 MP: 3/3
  1611 | D:2      | Reached XP level 4. HP: 14/29 MP: 4/4
  2027 | D:2      | Reached XP level 5. HP: 27/35 MP: 5/5
  2589 | D:3      | Found a bloodstained altar of Trog.
  3173 | D:3      | Found a faded altar of an unknown god.
  3199 | D:3      | Prayed at the altar of an unknown god.
  3199 | D:3      | Became a worshipper of Dithmenos the Shadowed
  3199 | D:3      | Reached * piety under Dithmenos
  4117 | D:4      | Reached XP level 6. HP: 41/41 MP: 6/6
  4131 | D:4      | Found a transporter.
  4133 | D:4      | Noticed Gelion's ghost (amateur OpSh)
  4418 | D:5      | Entered Level 5 of the Dungeon
  4418 | D:5      | Noticed an ice beast
  4910 | D:5      | Noticed Edmund
  4977 | D:5      | Slain by an ice beast

Illustrated notes

Levels and vault maps discovered:
D:1:      dpeg_arrival_refuge, layout_basic
D:2:      layout_basic, kennysheep_cross_room
D:3:      layout_loops_cross, trog_butcher_becter,
          shapermc_ecumenical_altar_flowoftime
D:4:      layout_rooms, gammafunk_ghost_mausoleum
D:5:      layout_rooms, grunt_gozag_breadcrumbs, serial_curves, eino_curves_02,
          eino_curves_02, kennysheep_diamond, minmay_fractal_squares_5,
          uniq_edmund

Skill      XL: |  1  2  3  4  5  6 |
---------------+-------------------+-----
Fighting       | 2 3 |  3.3
Dodging        | 3 |  3.8
Unarmed Combat | 4 |  4.5
Shapeshifting  | 4 |  4.1

Action                     |  1- 3 |  4- 6 || total
---------------------------+-------+-------++-------
  Melee: Unarmed           |    55 |   135 ||   190
         Tentacles         |    11 |    28 ||    39
         Constrict         |     9 |    27 ||    36
         Punch             |     1 |     3 ||     4
    Use: Potion            |     1 |       ||     1
         Scroll            |       |    12 ||    12
   Stab: Sleeping          |     8 |     9 ||    17
         Distracted        |     1 |       ||     1
 Armour: Skin              |     6 |     9 ||    15
  Dodge: Dodged            |    21 |    62 ||    83

Table legend: (Time is in decaauts)
 A = Elapsed time spent in this place.
 B = Non-inter-level travel time spent in this place.
 C = Inter-level travel time spent in this place.
 D = Time resting spent in this place.
 E = Time spent auto-exploring this place.
 F = Levels seen in this place.
 G = Mean time per level.
                   A        B        C        D        E       F      G
               +--------+--------+--------+--------+--------+-----+--------+
         Total |   4964 |   4717 |    247 |   1602 |   2466 |   5 |  992.8 |
       Dungeon |   4964 |   4717 |    247 |   1602 |   2466 |   5 |  992.8 |
               +--------+--------+--------+--------+--------+-----+--------+

Top non-repeatable levels by time:
     D:1: 1338 daAuts
     D:4: 1334 daAuts
     D:2: 1197 daAuts
     D:3: 1059 daAuts
     D:5: 35 daAuts
